 Dungeon Crawl Stone Soup version 0.28-a0-1447-ga5a8893891 (webtiles) character file.

Game seed: 6073069499177667132

7 hashsling the Sneak (level 1, 0/10 HPs)
             Began as a Deep Elf Enchanter on Jan 11, 2022.
             Slain by a jackal (2 damage)
             ... on level 1 of the Dungeon.
             The game lasted 00:00:57 (129 turns).

hashsling the Sneak (Deep Elf Enchanter)             Turns: 129, Time: 00:00:58

Health: 0/10       AC:  2    Str:  5    XL:     1   Next: 83%
Magic:  6/6        EV: 12    Int: 19    God:
Gold:   0          SH:  0    Dex: 15    Spells: 6/6 levels left

rFire   . . .      SeeInvis .   a - +1 dagger
rCold   . . .      Faith    .   (no shield)
rNeg    . . .      Spirit   .   b - +0 robe
rPois   .          Reflect  .   (no helmet)
rElec   .          Harm     .   (no cloak)
rCorr   .          Rampage  .   (no gloves)
Will    .....                   (no boots)
Stlth   +++.......              (no amulet)
HPRegen 0.03/turn               (no ring)
MPRegen 0.10/turn               (no ring)

@: invisible
A: no striking features
a: no special abilities


You were on level 1 of the Dungeon.
You visited 1 branch of the dungeon, and saw 1 of its levels.

Inventory:

Hand Weapons
 a - a +1 dagger (weapon)
Armour
 b - a +0 robe (worn)


   Skills:
 - Level 1.0 Short Blades
 - Level 2.4 Dodging
 + Level 4.3 Stealth
 - Level 3.0 Spellcasting
 - Level 4.0 Hexes


You had 6 spell levels left.
You didn't know any spells.
Your spell library contained the following spells:

 Spells                   Type           Power      Damage    Failure   Level
 Confusing Touch          Hex            18%        N/A       9%          3
 Tukima's Dance           Hex            18%        N/A       9%          3
 Ensorcelled Hibernation  Hex/Ice        20%        N/A       10%         2
 Dazzling Flash           Conj/Hex       20%        N/A       21%         3


Dungeon Overview and Level Annotations

Branches:
Dungeon (1/15)

Altars:


Message History

You barely miss the kobold. The kobold hits you with a +0 dagger.
You barely miss the kobold. You hit the kobold.
The kobold is moderately wounded.
The kobold closely misses you.
You barely miss the kobold.
The kobold is moderately wounded.
The kobold misses you.
You catch the helpless kobold completely off-guard!
You puncture the kobold!
You kill the kobold!
You barely miss the kobold. The kobold barely misses you.
You barely miss the kobold. The kobold hits you with a +0 club.
You catch the helpless kobold completely off-guard!
You puncture the kobold!
You kill the kobold!
You barely miss the jackal. You hit the jackal.
The jackal is severely wounded.
The jackal bites you.
* * * LOW HITPOINT WARNING * * *
Hit: a) +1 dagger
Press: ? - help, Dir - move target, f - jackal
Aim: a jackal (severely wounded, about 42% to evade your +1 dagger)
You hit the jackal.
You kill the jackal!
Hit: a) +1 dagger
Press: ? - help, Dir - move target, f - jackal
Aim: a jackal (wandering, hasn't noticed you, about 42% to evade your +1 dagger)
You hit the jackal but do no damage. The jackal closely misses you.
Hit: a) +1 dagger
Press: ? - help, Dir - move target, f/p - jackal
Aim: a jackal (about 42% to evade your +1 dagger)
You closely miss the jackal. The jackal barely misses you.
The jackal bites you but does no damage.
Hit: a) +1 dagger
Press: ? - help, Dir - move target, f/p - jackal
Aim: a jackal (about 42% to evade your +1 dagger)
You barely miss the jackal. The jackal bites you.
You die...

...##...#.######
#########.#......#
#.)............#.#
..############.#.#
..# #...#.# ..#
#.###.# ..# #.#
#.# ..# #.# #.#
..# #.# #@# ..#
#.# #h# ..# #.#
#.# ### #.# #.#
#.# ... ###


You could see a jackal.

Vanquished Creatures
  2 ball pythons (D:1)
  A jackal (D:1)
  3 kobolds (D:1)
6 creatures vanquished.

Notes
Turn   | Place    | Note
-------+----------+-------------------------------------------
     0 | D:1      | hashsling the Deep Elf Enchanter began the quest for the
                  | Orb.
     0 | D:1      | Reached XP level 1. HP: 10/10 MP: 6/6
   129 | D:1      | Slain by a jackal

Illustrated notes

Levels and vault maps discovered:
D:1:      eino_arrival_water_cross, layout_basic, lemuel_flame_loot_1

Skill      XL: |  1 |
---------------+----+-----
Stealth        | 4 |  4.3
Short Blades   | |  1.0
Dodging        | |  2.4
Spellcasting   | |  3.0
Hexes          | |  4.0

Action                   || total
-------------------------++-------
Melee: Dagger            ||    21
  Use: Potion            ||     1
 Stab: Invisible         ||     2
       Sleeping          ||     1
Armor: Robe              ||     1
Dodge: Dodged            ||    10

Table legend: (Time is in decaauts)
 A = Elapsed time spent in this place.
 B = Non-inter-level travel time spent in this place.
 C = Inter-level travel time spent in this place.
 D = Time resting spent in this place.
 E = Time spent auto-exploring this place.
 F = Levels seen in this place.
 G = Mean time per level.
                   A        B        C        D        E       F      G
               +--------+--------+--------+--------+--------+-----+--------+
         Total |    128 |    128 |      0 |      0 |     71 |   1 |  128.0 |
       Dungeon |    128 |    128 |      0 |      0 |     71 |   1 |  128.0 |
               +--------+--------+--------+--------+--------+-----+--------+

Top non-repeatable levels by time:
     D:1: 128 daAuts
